 Dungeon Crawl Stone Soup version 0.30-a0-1074-g5db6f66fbb (webtiles) character file.

Game seed: 4832218564628985088

716 IdlyInterested the Cutter (level 7, -3/75 HPs)
             Began as a Demonspawn Gladiator on Apr 12, 2023.
             Slain by an iguana (7 damage)
             ... on level 5 of the Dungeon on Apr 13, 2023.
             The game lasted 00:19:38 (4141 turns).

IdlyInterested the Cutter (Demonspawn Gladiator)    Turns: 4141, Time: 00:19:39

Health: -3/75      AC:  9    Str: 14    XL:     7   Next: 41%
Magic:  10/10      EV: 10    Int: 12    God:
Gold:   241        SH:  0    Dex: 14    Spells: 10/10 levels left

rFire   + + .      SeeInvis .    a - +1 rapier
rCold   . . .      Faith    .    (no shield)
rNeg    + . .      Spirit   .    w - +1 scale mail {rN+}
rPois   .          Reflect  .    c - +0 helmet
rElec   .          Rampage  .    (no cloak)
rCorr   +                        (no gloves)
Will    +....                    j - +0 pair of boots Stlth
                                 (no amulet)
HPRegen 0.32/turn                g - ring "Oqyitach" {rF++ Will+ rCorr}
MPRegen 0.12/turn                (no ring)

@: berserking, very quick
A: foul stench 2, demonic magic 1, demonic touch 1
a: no special abilities


You were on level 5 of the Dungeon.
You visited 1 branch of the dungeon, and saw 5 of its levels.

You collected 241 gold pieces.

Inventory:

Hand Weapons
 a - a +1 rapier (weapon)
 r - a +0 falchion of flaming
 x - a +0 rapier
Missiles
 d - 3 throwing nets
 e - a javelin
 h - 4 boomerangs
 i - 13 stones (quivered)
 n - 3 poisoned darts
Armour
 b - a +1 leather armour
 c - a +0 helmet (worn)
 j - a +0 pair of boots (worn)
 w - a +1 scale mail of positive energy (worn)
Magical Staves
 f - a staff of cold
Jewellery
 g - the ring "Oqyitach" (left hand) {rF++ Will+ rCorr}
   (You acquired it on level 3 of the Dungeon)

   [ring of willpower]

   rF:        It greatly protects you from fire.
   rCorr:     It protects you from acid and corrosion.
   Will:      It increases your willpower.
Scrolls
 k - 3 scrolls of teleportation
 u - a scroll of torment {unknown}
 v - a scroll of magic mapping {unknown}
Potions
 l - a potion of might
 o - a potion of haste {unknown}
 q - a potion of brilliance
 s - a potion of lignification {unknown}
 t - 2 potions of mutation


   Skills:
 - Level 2.2 Fighting
 * Level 5.4 Short Blades
 - Level 1.7 Throwing
 + Level 0.9 Armour
 - Level 2.6 Dodging
 + Level 4.0 Stealth
 - Level 2.0 Unarmed Combat
 - Level 2.0 Spellcasting
 - Level 2.0 Evocations


You had 10 spell levels left.
You didn't know any spells.
Your spell library contained the following spells:

 Spells                   Type           Power      Damage    Failure   Level
 Apportation              Tloc           2%         N/A       75%         1
 Necrotise                Necr           4%         1d4       75%         1
 Summon Small Mammal      Summ           4%         N/A       75%         1


Dungeon Overview and Level Annotations

Branches:
Dungeon (5/15)
 Temple: D:4-7

Altars:
Ashenzari
Hepliaklqana
Nemelex Xobeh

Annotations:
D:5 Prince Ribbit


Innate Abilities, Weirdness & Mutations

You sometimes emit foul miasma when damaged in melee.
Spells you cast may paralyse adjacent enemies.
Your touch may inflict minor irresistible damage on your foes.


Message History

You kill the shadow imp!
The centaur shoots an arrow.
The arrow hits you!
You hit the orc but do no damage.
You touch the orc!
You kill the orc!
The centaur shoots an arrow.
The arrow hits you!
* * * LOW HITPOINT WARNING * * *
An orc comes into view. It is wielding a +0 war axe.
The centaur shoots an arrow.
The arrow hits you!
* * * LOW HITPOINT WARNING * * *
The iguana bites you but does no damage.
You feel better.
The centaur unwields a +0 shortbow.
The centaur hits you but does no damage.
The centaur kicks you.
* * * LOW HITPOINT WARNING * * *
The iguana completely misses you.
An orc comes into view. It is wielding a +0 dagger.
A red film seems to cover your vision as you go berserk!
You feel yourself moving faster!
You feel mighty! The centaur hits you.
* * * LOW HITPOINT WARNING * * *
The centaur kicks you but does no damage.
The iguana bites you!
* * * LOW HITPOINT WARNING * * *
The centaur barely misses you.
The centaur kicks you but does no damage.
You puncture the centaur!
The centaur is almost dead.
The iguana barely misses you. The centaur barely misses you.
The centaur kicks you but does no damage.
You puncture the centaur!
You kill the centaur!
Your Stealth skill increases to level 4!
You puncture the iguana!
The iguana is almost dead.
The iguana barely misses you.
You puncture the orc!
You kill the orc!
An orc wizard comes into view. It is wielding a +0 dagger.
The iguana hisses menacingly.
The iguana bites you!
You die...

## ##.##### #...##.##
.####...#@).# ..
#..........#)l.#
.##........5..f..##
..#...............# .
...........<##....# ..
#.................#
...#.................#
............o.....####
....W<.......l......


You could see a sleepcap, an iguana and an orc wizard.

Vanquished Creatures
  2 centaurs
  A phantom (D:4)
  A howler monkey (D:4)
  A hound (D:4)
  2 orc priests (D:4)
  An iguana (D:4)
  2 scorpion zombies (D:3)
  An orc wizard (D:4)
  Natasha (thrice) (D:2)
  A hound skeleton (D:3)
  A gnoll (D:1)
  5 adders
  A shadow imp (D:5)
  An ufetubus (D:4)
  An adder zombie (D:3)
  2 worms
  A dart slug (D:1)
  16 orcs
  2 bats (D:2)
  8 endoplasms
  3 giant cockroaches
  7 goblins
  9 hobgoblins
  2 jackals (D:1)
  5 quokkas
  9 ball pythons
  2 frilled lizards
  8 kobolds
  A quokka skeleton (D:3)
  6 rats
105 creatures vanquished.

Vanquished Creatures (others)
  3 demonic plants (D:1)
  A fungus (D:1)
  2 withered plants (D:3)
6 creatures vanquished.

Grand Total: 111 creatures vanquished

Notes
Turn   | Place    | Note
-------+----------+-------------------------------------------
     0 | D:1      | IdlyInterested the Demonspawn Gladiator began the quest for
                  | the Orb.
     0 | D:1      | Reached XP level 1. HP: 16/16 MP: 1/1
     0 | D:1      | Upgraded the game from 0.30-a0-1066-g63dfefce0d to
                  | 0.30-a0-1074-g5db6f66fbb
   189 | D:1      | Reached skill level 1 in Stealth
   199 | D:1      | Gained mutation: Spells you cast may paralyse adjacent
                  | enemies. [demonic ancestry]
   199 | D:1      | Reached XP level 2. HP: 20/22 MP: 2/2
   247 | D:1      | Found a faded altar of an unknown god.
   385 | D:1      | Reached skill level 3 in Short Blades
   561 | D:1      | Gained mutation: You may rarely emit foul miasma when
                  | damaged in melee. [demonic ancestry]
   561 | D:1      | Reached XP level 3. HP: 27/27 MP: 3/3
  1277 | D:2      | Found a broken altar of Ashenzari.
  1338 | D:2      | Reached skill level 1 in Spellcasting
  1643 | D:2      | Noticed Natasha
  1655 | D:2      | Killed Natasha
  1656 | D:2      | Gained mutation: Your touch may inflict minor irresistible
                  | damage on your foes. [demonic ancestry]
  1656 | D:2      | Reached XP level 4. HP: 18/33 MP: 5/5
  1814 | D:2      | Noticed Natasha
  1823 | D:2      | Killed Natasha
  2076 | D:2      | Noticed Natasha
  2088 | D:2      | Killed Natasha
  2089 | D:2      | Reached skill level 1 in Unarmed Combat
  2221 | D:3      | Gained mutation: You sometimes emit foul miasma when
                  | damaged in melee. [demonic ancestry]
  2221 | D:3      | Reached XP level 5. HP: 38/38 MP: 6/6
  2380 | D:3      | Identified a scroll of acquirement
  2380 | D:3      | Acquired the ring "Oqyitach" {rF++ Will+ rCorr}
  2410 | D:3      | Found a sparkling altar of Nemelex Xobeh.
  2496 | D:3      | Reached skill level 4 in Short Blades
  2752 | D:3      | Found a hazy altar of Hepliaklqana.
  2997 | D:4      | Reached XP level 6. HP: 12/44 MP: 6/8
  3724 | D:4      | Reached skill level 1 in Evocations
  3782 | D:4      | Reached skill level 5 in Short Blades
  3782 | D:4      | Reached XP level 7. HP: 37/50 MP: 10/10
  3936 | D:5      | Entered Level 5 of the Dungeon
  3995 | D:5      | Noticed Prince Ribbit
  4137 | D:5      | HP: 3/75 [iguana (10)]
  4141 | D:5      | Slain by an iguana

Illustrated notes

Levels and vault maps discovered:
D:1:      heliophobic_arrival_dark_side_of_the_moon, layout_basic,
          shapermc_ecumenical_altar_gd
D:2:      layout_loops_ring, basic_altar, palyth_stone_intersect,
          kennysheep_generic_room_6, uniq_natasha
D:3:      layout_rooms, nemelex_spade_bored_becter, amcnicky_altar_gilded,
          serial_undead, serial_undead_f, serial_undead_c, serial_undead_d,
          serial_undead_c
D:4:      minmay_spotlight, layout_loops_ring
D:5:      layout_cave_pools, uniq_prince_ribbit1

Skill      XL: |  1  2  3  4  5  6  7 |
---------------+----------------------+-----
Stealth        | 1 2 3 4 |  4.0
Short Blades   | 3 4 5 |  5.4
Spellcasting   | 1 2 |  2.0
Unarmed Combat | 1 2 |  2.0
Evocations     | 1 2 |  2.0
Fighting       | |  2.2
Throwing       | |  1.7
Armour         | |  0.9
Dodging        | |  2.6

Action                     |  1- 3 |  4- 6 |  7- 9 || total
---------------------------+-------+-------+-------++-------
  Melee: Rapier            |   114 |   176 |    18 ||   308
         Punch             |     1 |     4 |       ||     5
         Touch             |       |    39 |     3 ||    42
  Throw: Javelin           |     1 |     1 |       ||     2
         Stone             |       |     4 |     3 ||     7
    Use: Scroll            |     2 |     7 |       ||     9
         Potion            |       |     1 |     2 ||     3
   Stab: Sleeping          |     2 |     1 |       ||     3
 Armour: Leather armour    |    35 |    45 |       ||    80
         Scale mail        |       |    13 |     9 ||    22
  Dodge: Dodged            |    76 |   101 |    10 ||   187

Table legend: (Time is in decaauts)
 A = Elapsed time spent in this place.
 B = Non-inter-level travel time spent in this place.
 C = Inter-level travel time spent in this place.
 D = Time resting spent in this place.
 E = Time spent auto-exploring this place.
 F = Levels seen in this place.
 G = Mean time per level.
                   A        B        C        D        E       F      G
               +--------+--------+--------+--------+--------+-----+--------+
         Total |   4151 |   3469 |    682 |    675 |   1771 |   5 |  830.2 |
       Dungeon |   4151 |   3469 |    682 |    675 |   1771 |   5 |  830.2 |
               +--------+--------+--------+--------+--------+-----+--------+

Top non-repeatable levels by time:
     D:2: 1352 daAuts
     D:4: 1133 daAuts
     D:1: 966 daAuts
     D:3: 675 daAuts
     D:5: 24 daAuts
